 Dungeon Crawl Stone Soup version 0.27-a0-1332-g84bddb5ca7 (webtiles) character file.

Game seed: 17752098073747883070

2126 Brandom the Skirmisher (level 8, -4/70 HPs)
             Began as a Demigod Delver on June 26, 2021.
             Killed from afar by a steam dragon (9 damage)
             ... with a ball of steam
             ... on level 7 of the Dungeon.
             The game lasted 00:27:44 (9737 turns).

Brandom the Skirmisher (Demigod Delver)             Turns: 9737, Time: 00:27:44

Health: -4/70      AC: 14    Str: 21    XL:     8   Next: 82%
Magic:  10/10      EV:  5    Int: 12    God:
Gold:   369        SH:  9    Dex: 15    Spells: 7/7 levels left

rFire    . . .     SeeInvis .   s - +0 flail
rCold    + + .     Faith    .   C - +0 kite shield
rNeg     . . .     Spirit   .   w - +1 plate armour
rPois    .         Reflect  .   (no helmet)
rElec    .         Harm     .   F - +0 cloak
rCorr    .         Rampage  .   (no gloves)
Will     .....                  G - +1 pair of boots
Stlth    ..........             g - amulet of the acrobat
HPRegen  0.21/turn              y - ring of protection from cold
MPRegen  0.12/turn              A - ring of protection from cold

@: no status effects
A: high mp 1, forlorn
a: no special abilities


You were on level 7 of the Dungeon.
You visited 1 branch of the dungeon, and saw 7 of its levels.
You also visited: Sewer.

You collected 369 gold pieces.

Inventory:

Hand Weapons
 a - a +0 mace
 s - a +0 flail (weapon)
   (You found it on level 4 of the Dungeon)
Missiles
 j - 23 poisoned darts (quivered)
 J - 2 javelins
Armour
 b - a +0 leather armour
 t - a +0 chain mail
   (You found it on level 2 of the Dungeon)
 w - a +1 plate armour (worn)
   (You found it on level 2 of the Dungeon)
 C - a +0 kite shield (worn)
   (You found it on level 5 of the Dungeon)
 F - a +0 cloak (worn)
   (You found it on level 6 of the Dungeon)
 G - a +1 pair of boots (worn)
   (You found it on level 6 of the Dungeon)
Jewellery
 e - an amulet of regeneration
   (You found it on level 3 of the Dungeon)
 g - an amulet of the acrobat (around neck)
   (You found it on level 5 of the Dungeon)
 p - an amulet of reflection
   (You found it on level 1 of the Dungeon)
 y - a ring of protection from cold (left hand)
   (You found it on level 4 of the Dungeon)
 A - a ring of protection from cold (right hand)
   (You found it on level 4 of the Dungeon)
 I - a ring of magical power
   (You found it on level 6 of the Dungeon)
Wands
 d - a wand of iceblast (27)
   (You found it on level 5 of the Dungeon)
 v - a wand of digging (3)
 x - a wand of acid (9)
   (You found it on level 6 of the Dungeon)
Scrolls
 c - 2 scrolls of fog
 k - a scroll of torment {unknown}
 m - a scroll of teleportation {unknown}
 o - a scroll of holy word {unknown}
 q - a scroll of enchant armour
 u - a scroll of vulnerability {unknown}
 B - 3 scrolls of fear
 D - a scroll of silence {unknown}
 E - a scroll of magic mapping
 H - a scroll of brand weapon {unknown}
Potions
 f - a potion of haste {@q3}
 h - 5 potions of curing {@q1}
 i - 4 potions of magic {unknown}
 l - a potion of heal wounds {@q2}
 n - 3 potions of brilliance
 r - a potion of cancellation {unknown}
 z - a potion of mutation {unknown}


   Skills:
 + Level 5.9 Fighting
 + Level 5.6 Maces & Flails
 + Level 4.7 Throwing
 + Level 5.5 Dodging
 - Level 4.5 Stealth
 + Level 2.7 Shields


You had 7 spell levels left.
You didn't know any spells.
Your spell library was empty.

Dungeon Overview and Level Annotations

Branches:
Dungeon (7/15)             Temple (0/1) D:7           Sewer (visited)


Innate Abilities, Weirdness & Mutations

Your attributes grow dramatically as you level up.
You have an increased reservoir of magic. (+10% MP)
You shall have no god before yourself.


Message History

You sock the necrophage!
You destroy the necrophage!
The gnoll sergeant hits you from afar with a +0 trident.
Throw: 26 darts (poison)
Aim: a steam dragon (60% to hit)
You throw a poisoned dart.
The poisoned dart hits the gnoll sergeant!
The gnoll sergeant is poisoned.
The gnoll sergeant barely misses you.
Throw: 25 darts (poison)
Aim: a steam dragon (62% to hit)
You throw a poisoned dart.
The poisoned dart hits the steam dragon!
The steam dragon is poisoned.
You block the gnoll sergeant's attack.
Throw: 24 darts (poison)
Aim: a steam dragon (lightly wounded, very poisoned, 62% to hit)
You throw a poisoned dart.
The poisoned dart closely misses the steam dragon.
The gnoll sergeant hits you from afar with a +0 trident!
The steam dragon bites you but does no damage.
The steam dragon claws you but does no damage.
You sock the steam dragon! The steam dragon bites you.
The steam dragon claws you.
You hit the steam dragon but do no damage.
The steam dragon breathes steam at you. The ball of steam hits you.
* * * LOW HITPOINT WARNING * * *
The gnoll sergeant barely misses you. The steam dragon bites you.
* * * LOW HITPOINT WARNING * * *
The steam dragon claws you but does no damage.
As you open the door, it creaks loudly!
You are engulfed in a cloud of scalding steam.
* * * LOW HITPOINT WARNING * * *
You block the gnoll sergeant's attack.
The steam dragon bites you but does no damage.
The steam dragon claws you but does no damage.
You are engulfed in a cloud of scalding steam.
* * * LOW HITPOINT WARNING * * *
You hit the steam dragon. The steam dragon bites you.
* * * LOW HITPOINT WARNING * * *
The steam dragon claws you but does no damage.
The gnoll sergeant is engulfed in a cloud of scalding steam.
You barely miss the steam dragon.
You are engulfed in a cloud of scalding steam.
* * * LOW HITPOINT WARNING * * *
You block the steam dragon's attack. x2; You block the gnoll sergeant's attack.
The steam dragon breathes steam at you. The ball of steam hits you!
You die...

##...#.........#...#.....####'#..
.....#.........#...#<.........#n.
##...#.........#.(.'..........+.(
...###.........#.(.#....########.
...# #......§..'†..#..###.....(##
##.# #.........#'###### .......#
.#.# #......§..g..# ........ .#.#
#.........§D.# #..... ...#
#..........@§# #.... .#
#............# #.... .#
#............# #..g.
.#####............# #()..
..................## #(..#
......####'###+##..# .(...#
#.....#.........#..# (.(..##
≈.....#.........#..## ......#
§≈....#.........#...## (...#####


You could see a steam dragon (poisoned, catching breath) and a gnoll sergeant
(poisoned).

Vanquished Creatures
  A centaur zombie (D:5)
  A steam dragon (D:7)
  A water moccasin (D:3)
  An ice beast (D:5)
  A sky beast (D:6)
  4 necrophages
  2 ogres
  A bullfrog (D:6)
  A scorpion (D:6)
  A wyvern skeleton (D:7)
  3 howler monkeys
  A crimson imp (D:5)
  A hound (D:5)
  A jelly (D:6)
  A centaur skeleton (D:4)
  5 iguanas
  An orc wizard (D:7)
  A hound skeleton (D:4)
  A howler monkey zombie (D:7)
  A howler monkey skeleton (D:5)
  6 gnolls
  9 adders
  An ufetubus (D:6)
  3 worms
  4 dart slugs
  5 orcs
  9 bats
  14 endoplasms
  9 giant cockroaches
  9 goblins
  6 hobgoblins
  6 kobolds
  4 quokkas
  9 ball pythons
  10 frilled lizards
  A jackal zombie (D:3)
  8 rats
143 creatures vanquished.

Vanquished Creatures (others)
  A water moccasin zombie (D:7)
  A gnoll (D:7)
2 creatures vanquished.

Grand Total: 145 creatures vanquished

Notes
Turn   | Place    | Note
-------+----------+-------------------------------------------
     0 | D:5      | Brandom the Demigod Delver began the quest for the Orb.
     0 | D:5      | Reached XP level 1. HP: 18/18 MP: 3/3
    50 | D:4      | Reached XP level 2. HP: 25/25 MP: 4/4
   428 | D:3      | Found a glowing drain.
   434 | Sewer    | Entered a sewer
   471 | Sewer    | Reached XP level 3. HP: 21/31 MP: 5/5
  1661 | D:2      | Reached XP level 4. HP: 38/38 MP: 6/6
  2797 | D:2      | Reached skill level 1 in Throwing
  3336 | D:2      | Reached XP level 5. HP: 39/45 MP: 7/7
  4572 | D:3      | Noticed a water moccasin
  4589 | D:3      | HP: 2/69 [water moccasin (7)]
  4599 | D:3      | Killed a water moccasin
  5205 | D:4      | Reached XP level 6. HP: 52/52 MP: 8/8
  6312 | D:5      | Reached XP level 7. HP: 13/60 MP: 9/9
  7012 | D:5      | Reached skill level 5 in Fighting
  7466 | D:6      | Reached XP level 8. HP: 59/68 MP: 10/10
  7521 | D:6      | Reached skill level 1 in Shields
  7703 | D:6      | Reached skill level 5 in Maces & Flails
  7781 | D:6      | Reached skill level 5 in Dodging
  8974 | D:7      | Found a staircase to the Ecumenical Temple.
  9737 | D:7      | Killed from afar by a steam dragon

Illustrated notes

Levels and vault maps discovered:
D:1:      lightli_iron_boxes, layout_loops_ring
D:2:      layout_basic
D:3:      minmay_angry_zag, layout_basic, cheibrodos_sewer_entry_bend,
          shapermc_ecumenical_altar_mp_highgroup, chequers_serial_rivers_large_a
D:4:      layout_basic
D:5:      layout_basic, grunt_temple_overflow_lords_of_destruction,
          xom_teletrap_fun, hangedman_decor_lopped,
          hangedman_decor_clover_reticule, small_statue_intersection
D:6:      layout_loops_ring
D:7:      layout_gridville, lemuel_zombie_altar_yredelemnul,
          minmay_temple_entry_mist, minmay_misc_feat_nine_boxes,
          kennysheep_potato

Skill      XL: |  1  2  3  4  5  6  7  8 |
---------------+-------------------------+-----
Maces & Flails | 2 3 4 5 |  5.6
Dodging        | 2 3 4 5 |  5.5
Fighting       | 3 4 5 |  5.9
Throwing       | 1 2 3 4 |  4.7
Shields        | 2 |  2.7
Stealth        | |  4.5

Action                   |  1- 3 |  4- 6 |  7- 9 || total
-------------------------+-------+-------+-------++-------
Melee: Mace              |   108 |   207 |       ||   315
       Flail             |       |    71 |   225 ||   296
Throw: Dart              |    29 |    18 |     9 ||    56
       Javelin           |       |       |     2 ||     2
  Use: Scroll            |     1 |       |     1 ||     2
       Potion            |     1 |     5 |     1 ||     7
 Stab: Sleeping          |     7 |     7 |       ||    14
Armor: Leather armour    |    43 |    14 |       ||    57
       Chain mail        |       |    67 |       ||    67
       Skin              |       |    21 |       ||    21
       Plate armour      |       |    68 |   161 ||   229
Dodge: Dodged            |    94 |   184 |    73 ||   351
Block: Kite shield       |       |       |    97 ||    97

Table legend: (Time is in decaauts)
 A = Elapsed time spent in this place.
 B = Non-inter-level travel time spent in this place.
 C = Inter-level travel time spent in this place.
 D = Time resting spent in this place.
 E = Time spent auto-exploring this place.
 F = Levels seen in this place.
 G = Mean time per level.
                   A        B        C        D        E       F      G
               +--------+--------+--------+--------+--------+-----+--------+
         Total |  10022 |   9872 |    150 |   1985 |   5661 |   8 | 1252.8 |
       Dungeon |   9334 |   9184 |    150 |   1800 |   5368 |   7 | 1333.4 |
         Sewer |    688 |    688 |      0 |    185 |    292 |   1 |  688.0 |
               +--------+--------+--------+--------+--------+-----+--------+

Top non-repeatable levels by time:
     D:2: 1897 daAuts
     D:3: 1683 daAuts
     D:5: 1484 daAuts
     D:6: 1317 daAuts
     D:7: 1305 daAuts
     D:1: 830 daAuts
     D:4: 815 daAuts
   Sewer: 688 daAuts
